 Dungeon Crawl Stone Soup version 0.31.0-11-ge490571c62 (webtiles) character file.

Game seed: 9223459609384222522

4840 Arctor the Covert (level 10, -9/44 (63) HPs)
             Began as a Kobold Brigand on Jan 30, 2024.
             Was a Believer of Uskayaw.
             Mangled by a two-headed ogre
             ... wielding a +0 giant spiked club
              (18 damage)
             ... on level 10 of the Dungeon.
             The game lasted 00:17:28 (8601 turns).

Arctor the Covert (Kobold Brigand)                  Turns: 8601, Time: 00:17:28

HP:   -9/44 (63)    AC:  8    Str:  7 (8)  XL:     10   Next: 78%
MP:   12/12         EV: 20    Int: 11 (13) God:    Uskayaw [**....]
Gold: 345           SH:  0    Dex: 18 (21) Spells: 9/9 levels left

rFire   . . .        D - +6 dagger (heavy)
rCold   . . .        (no shield)
rNeg    + . .        x - +0 ring mail {rN+}
rPois   +            (no helmet)
rElec   .            I - scarf of Gahisen {+Inv, rPois}
rCorr   .            q - +2 pair of gloves
SInv    .            (no boots)
Will    .....        w - amulet of regeneration
Stlth   +++++        j - +4 ring of slaying
HPRegen 1.07/turn    u - +5 ring of evasion
MPRegen 0.13/turn

%: no passive effects
@: attractive, very heavily drained
A: small, no large weapons, nightstalker 3
a: Renounce Religion, Evoke Invisibility, Stomp, Line Pass


You were on level 10 of the Dungeon.
You worshipped Uskayaw.
Uskayaw was noncommittal.
You visited 2 branches of the dungeon, and saw 11 of its levels.

You collected 548 gold pieces.
You spent 203 gold pieces at shops.

Inventory:

Hand Weapons
 a - a +2 dagger
 k - a +0 sling
 C - the +2 spear "Weagheku" {vamp, +Blink Stlth+}
   (You found it on level 4 of the Dungeon)

   +Blink:    It lets you blink.
   Stlth+:    It makes you more stealthy.
 D - a +6 heavy dagger (weapon)
Missiles
 d - 35 poisoned darts (quivered)
 e - 12 curare-tipped darts
 F - a throwing net
Armour
 b - a +0 robe
 c - a +0 cloak
 g - +0 acid dragon scales
 h - a +2 robe of cold resistance
 q - a +2 pair of gloves (worn)
 x - a +0 ring mail of positive energy (worn)
 I - the scarf of Gahisen (worn) {+Inv, rPois}
   (You found it on level 6 of the Dungeon)

   rPois:     It protects you from poison
Magical Staves
 s - a staff of conjuration
Jewellery
 j - a +4 ring of slaying (left hand)
 l - an amulet of guardian spirit
 m - a ring of fire
 u - a +5 ring of evasion (right hand)
 w - an amulet of regeneration (around neck)
 y - a ring of ice
 K - an amulet of faith
 N - a ring of wizardry
 Q - a +4 ring of protection
Wands
 f - a wand of iceblast (16)
 G - a wand of mindburst (24)
 J - a wand of flame (26)
 R - a wand of charming (4)
Scrolls
 o - 2 scrolls of noise
 r - 2 scrolls of revelation
 t - a scroll of poison
 E - 2 scrolls of amnesia
 H - a scroll of fog
 P - a scroll of immolation
Potions
 i - 2 potions of lignification
 v - 2 potions of haste
 z - a potion of attraction
 A - 2 potions of curing
 B - a potion of resistance {unknown}
 L - a potion of brilliance {unknown}
 M - 2 potions of ambrosia {unknown}
 O - 2 potions of invisibility {unknown}


   Skills:
 + Level 7.2 Fighting
 + Level 8.8 Short Blades
 + Level 7.1 Throwing
 + Level 7.5 Dodging
 + Level 10.2 Stealth
 + Level 3.4 Invocations
 + Level 5.4 Evocations


You had 9 spell levels left.
You didn't know any spells.
Your spell library contained the following spells:

 Spells                   Type           Power      Damage    Failure   Level
 Lesser Beckoning         Tloc           0%         N/A       88%         2
 Mercury Vapours          Alch/Air       0%         N/A       88%         2
 Fugue of the Fallen      Necr           0%         N/A       98%         3
 Mephitic Cloud           Conj/Alch/Air  0%         N/A       98%         3
 Ozocubu's Armour         Ice            0%         N/A       98%         3
 Manifold Assault         Tloc           0%         N/A       100%        4
 Freezing Cloud           Conj/Ice/Air   0%         6-21      100%        5
 Metabolic Englaciation   Hex/Ice        0%         N/A       100%        5
 Sculpt Simulacrum        Ice/Alch       0%         N/A       100%        6


Dungeon Overview and Level Annotations

Branches:
Dungeon (10/15)            Temple (1/1) D:4
   Lair: D:8-11         Orc: D:9-12

Altars:
Ashenzari
Cheibriados
Dithmenos
Elyvilon
Fedhas
Gozag
Hepliaklqana
Kikubaaqudgha
Makhleb
Nemelex Xobeh
Okawaru
Ru
Sif Muna
Trog
Uskayaw
Vehumet
Wu Jian
Xom
Yredelemnul
Zin
The Shining One

Shops:
D:1 *   D:3 (!!=


Innate Abilities, Weirdness & Mutations

You are small and have problems with some larger weapons.
You are completely attuned to the shadows.


Message History

Your attack snaps the acid dragon out of its fear.
The acid dragon spits acid at you. The splash of acid hits you!!
* * * LOW HITPOINT WARNING * * *
You puncture the acid dragon!
The acid dragon is moderately wounded.
The acid dragon closely misses you. x2
You hit the acid dragon.
The acid dragon is moderately wounded.
The acid dragon misses you. x2
You puncture the acid dragon!
The acid dragon is severely wounded.
The acid dragon bites you!
* * * LOW HITPOINT WARNING * * *
The acid dragon closely misses you.
You can now pass through a line of other dancers.
It was a potion of curing.
You feel better. The acid dragon misses you. The acid dragon claws you.
* * * LOW HITPOINT WARNING * * *
You puncture the acid dragon!
You kill the acid dragon!
The acid dragon scales are intact enough to wear.
Things that are here:
+0 acid dragon scales; an acid dragon corpse g - +0 acid dragon scales The two-headed ogre is attracted toward you.
The two-headed ogre attacks as it pursues you!
The two-headed ogre completely misses you.
The two-headed ogre hits you with a +0 giant club!
* * * LOW HITPOINT WARNING * * *
Okay, then.
Okay, then.
Aiming: Line Pass
Press: ? - help, Dir - move target, f - two-headed ogre
Aim: a two-headed ogre, wielding a +0 giant spiked club and a +0 giant club
Okay, then.
You feel drained.
You fail to use your ability.
You feel drained.
You fail to use your ability.
The two-headed ogre hits you with a +0 giant spiked club!!
You die...

######..####... ....#
#..# #... ....# #..#
#... #..#######..# #...
#...........# #...
#...........# #...
#####..#######..####...
.......# #.........
......@# #.........
#####.O# #..####...
#..# #..# #..#
#†.#######..# #..#
..#####)..........#
#..#
..§.§§............#
#..#
..§§o....#######..#
#..# ..#####..# #..#
#..# . #..# #..# #..#


You could see a two-headed ogre.

Vanquished Creatures
  A gargoyle (D:10)
  A troll (D:10)
  Sigmund (D:2)
  A shadow (D:10)
  6 yaks
  An acid dragon (D:10)
  2 water moccasins
  An ice beast (D:7)
  6 orc warriors
  A hornet zombie (D:8)
  A centaur (D:10)
  A kobold brigand (D:9)
  2 bullfrogs (D:8)
  2 necrophages (D:8)
  A gnoll sergeant (D:6)
  4 scorpions
  7 wights
  A howler monkey (D:7)
  A bombardier beetle (D:5)
  2 centaur zombies (D:8)
  3 hounds
  2 jellies
  3 orc priests
  A human zombie (D:8)
  Jessica (D:3)
  3 sleepcaps
  3 iguanas
  8 orc wizards
  A killer bee zombie (D:8)
  4 mummies (D:8)
  8 gnolls
  4 adders
  A white imp (D:7)
  3 dart slugs (D:1)
  A ribbon worm (D:4)
  26 orcs
  8 endoplasms
  A giant cockroach (D:3)
  13 goblins
  6 hobgoblins
  4 jackals (D:1)
  3 quokkas
  10 ball pythons
  4 bats
  4 frilled lizards
  16 kobolds
  5 rats
189 creatures vanquished.

Vanquished Creatures (others)
  An orc (D:4)
  A kobold (D:10)
2 creatures vanquished.

Grand Total: 191 creatures vanquished

Notes
Turn   | Place    | Note
-------+----------+-------------------------------------------
     0 | D:1      | Arctor the Kobold Brigand began the quest for the Orb.
     0 | D:1      | Reached XP level 1. HP: 12/12 MP: 1/1
   161 | D:1      | Reached XP level 2. HP: 18/18 MP: 2/2
   514 | D:1      | Reached XP level 3. HP: 22/22 MP: 3/3
   597 | D:1      | Found Buoc's Assorted Antiques.
  1084 | D:2      | Noticed Sigmund
  1093 | D:2      | Killed Sigmund
  1094 | D:2      | Reached skill level 6 in Stealth
  1094 | D:2      | Reached XP level 4. HP: 16/28 MP: 4/4
  1094 | D:2      | Reached XP level 5. HP: 18/32 MP: 5/5
  1094 | D:2      | Reached XP level 6. HP: 21/37 MP: 6/6
  1516 | D:2      | Identified the +3 executioner's axe of Superiority
                  | {protect, Will+}
  1927 | D:3      | Found Jotwis's Jewellery Boutique.
  1959 | D:3      | Found a white marble altar of Elyvilon.
  2026 | D:3      | Noticed Jessica
  2030 | D:3      | Killed Jessica
  2040 | D:3      | Got Jessica's Vademecum on Transportation
  2368 | D:3      | Found Houcin's Distillery.
  2544 | D:3      | Found Tiakk's Distillery.
  2611 | D:3      | Found Umoc's Antique Weapon Boutique.
  2790 | D:1      | Bought an embroidered robe for 70 gold pieces
  2790 | D:1      | Bought a runed ring mail for 133 gold pieces
  3036 | D:4      | Found a staircase to the Ecumenical Temple.
  3045 | Temple   | Entered the Ecumenical Temple
  3068 | Temple   | Became a worshipper of Uskayaw the Reveller
  3147 | D:4      | Reached * piety under Uskayaw
  3154 | D:4      | Reached ** piety under Uskayaw
  3160 | D:4      | Reached *** piety under Uskayaw
  3161 | D:4      | Reached XP level 7. HP: 27/42 MP: 7/7
  3272 | D:4      | Reached skill level 5 in Short Blades
  3272 | D:4      | Reached skill level 7 in Stealth
  3907 | D:4      | Identified the +2 spear "Weagheku" {vamp, +Blink Stlth+}
  3935 | D:5      | Entered Level 5 of the Dungeon
  4490 | D:5      | Reached XP level 8. HP: 48/48 MP: 8/8
  4603 | D:5      | Found a burning altar of Makhleb.
  4847 | D:6      | Found an opulent altar of Gozag.
  5048 | D:6      | Identified the scarf of Gahisen {+Inv, rPois}
  5243 | D:6      | Reached **** piety under Uskayaw
  5244 | D:6      | Reached skill level 5 in Dodging
  5354 | D:6      | Reached skill level 5 in Throwing
  5709 | D:7      | Reached skill level 5 in Fighting
  5846 | D:7      | Reached skill level 8 in Stealth
  5873 | D:7      | Reached skill level 1 in Evocations
  6289 | D:7      | Reached ***** piety under Uskayaw
  6291 | D:7      | Reached XP level 9. HP: 54/54 MP: 9/9
  6319 | D:7      | Found a shimmering blue altar of Sif Muna.
  6736 | D:7      | Found a glowing golden altar of the Shining One.
  6886 | D:8      | Reached ****** piety under Uskayaw
  6887 | D:8      | Reached skill level 9 in Stealth
  6911 | D:8      | Reached skill level 1 in Invocations
  7004 | D:7      | Reached XP level 10. HP: 49/61 MP: 11/11
  7603 | D:8      | Found a basalt altar of Yredelemnul.
  7726 | D:10     | Entered Level 10 of the Dungeon
  7778 | D:10     | Noticed a gargoyle
  8126 | D:10     | Reached skill level 10 in Stealth
  8126 | D:10     | Reached skill level 5 in Evocations
  8198 | D:10     | Found a bloodstained altar of Trog.
  8281 | D:10     | Killed a gargoyle
  8577 | D:10     | Noticed a two-headed ogre
  8601 | D:10     | Mangled by a two-headed ogre

Illustrated notes

Levels and vault maps discovered:
D:1:      mrwooster_arrival_statue_2, layout_basic, serial_shops, shop,
          amcnicky_mini_pool_small
D:2:      layout_loops_ring, minmay_liquid_box, minmay_misc_feat_encased,
          uniq_sigmund
D:3:      layout_basic, elyvilon_altar_1, serial_shops,
          nicolae_shop_industrial_runoff, shop,
          nicolae_shop_competitors_out_of_business,
          nicolae_shop_window_shopping, grunt_ministairs_8, chequers_avenue,
          kennysheep_jessica_study
D:4:      layout_cave_pools, temple_statues, cheibrodos_sewer_entry_bend,
          kennysheep_another_room, eino_tiny_chamber, minmay_quantized
D:5:      layout_basic, mainiacjoe_overflow_alcove_1
D:6:      layout_basic, grunt_gozag_breadcrumbs
D:7:      layout_basic, mainiacjoe_overflow_concentric_impassable,
          mainiacjoe_overflow_small_starburst, water_boxes_lemuel
D:8:      layout_rooms, lemuel_mausoleum_altar_yredelemnul,
          nicolae_nh_ransacked_shop
D:9:      kennysheep_housing_project, layout_gridville,
          nicolae_qazlal_scattered_showers, orc_0_dummy, hangedman_weighted_door
D:10:     layout_small_grid, trog_hazing_becter
Temple:   eino_narrow_crystal_temple

Skill      XL: |  1  2  3  4  5  6  7  8  9 10 |
---------------+-------------------------------+-----
Short Blades   | 3 4 5 6 7 8 |  8.8
Dodging        | 3 4 5 6 7 |  7.5
Fighting       | 3 4 5 6 7 |  7.2
Throwing       | 3 4 5 6 7 |  7.1
Stealth        | 6 7 8 9 10 | 10.2
Evocations     | 2 4 5 |  5.4
Invocations    | 1 3 |  3.4

Action                     |  1- 3 |  4- 6 |  7- 9 | 10-12 || total
---------------------------+-------+-------+-------+-------++-------
  Melee: Dagger            |    53 |    90 |   219 |   153 ||   515
         Punch             |       |     1 |       |     1 ||     2
   Fire: Sling             |    17 |       |       |       ||    17
  Throw: Dart              |       |       |       |     5 ||     5
 Invoke: Stomp             |       |       |     5 |       ||     5
Ability: Evoke Invisibilit |       |       |       |     1 ||     1
    Use: Potion            |     1 |     1 |       |     5 ||     7
         Scroll            |       |     2 |    13 |     5 ||    20
   Stab: Sleeping          |     3 |    20 |    27 |     7 ||    57
         Paralysed         |       |       |     6 |     4 ||    10
         Distracted        |       |       |     1 |     1 ||     2
 Armour: Robe              |    35 |    11 |       |       ||    46
         Ring mail         |       |     6 |    69 |    92 ||   167
  Dodge: Dodged            |    52 |    47 |   165 |   207 ||   471
